 Dungeon Crawl Stone Soup version 0.31-a0-816-gd61d57ddb1 (webtiles) character file.

Game seed: 8220781746102967675

127 Maratek the Magician (level 4, -3/24 HPs)
             Began as a Deep Elf Fire Elementalist on Sept 22, 2023.
             Slain by a gnoll
             ... wielding a +0 flail
              (11 damage)
             ... on level 4 of the Dungeon.
             The game lasted 00:04:46 (2551 turns).

Maratek the Magician (Deep Elf Fire Elementalist)   Turns: 2551, Time: 00:04:46

Health: -3/24      AC:  2    Str:  5    XL:     4   Next: 85%
Magic:  1/12       EV: 12    Int: 22    God:
Gold:   119        SH:  0    Dex: 15    Spells: 11/12 levels left

rFire   . . .        d - +1 short sword (venom)
rCold   . . .        (no shield)
rNeg    . . .        a - +0 robe
rPois   .            (no helmet)
rElec   .            (no cloak)
rCorr   .            (no gloves)
SInv    .            (no boots)
Will    .....        (no amulet)
Stlth   ++           (no ring)
HPRegen 0.24/turn    (no ring)
MPRegen 0.13/turn

%: no passive effects
@: no status effects
A: no striking features
a: no special abilities


You were on level 4 of the Dungeon.
You visited 1 branch of the dungeon, and saw 4 of its levels.

You collected 119 gold pieces.

Inventory:

Hand Weapons
 d - a +1 short sword of venom (weapon)
Armour
 a - a +0 robe (worn)
Wands
 h - a wand of iceblast (11)
Scrolls
 c - a scroll of silence
 e - a scroll of enchant armour
 i - a scroll of torment
 j - a scroll of summoning
 k - a scroll of amnesia
Potions
 b - a potion of magic
 f - a potion of heal wounds {unknown}
 g - a potion of invisibility {unknown}
 l - a potion of curing {unknown}


   Skills:
 + Level 2.6 Dodging
 + Level 2.9 Stealth
 + Level 4.8 Spellcasting
 + Level 2.3 Conjurations
 + Level 4.4 Fire Magic


You had 11 spell levels left.
You knew the following spells:

 Your Spells              Type           Power      Damage    Failure   Level
a - Foxfire               Conj/Fire      80%        2x1d8     2%          1

Your spell library contained the following spells:

 Spells                   Type           Power      Damage    Failure   Level
 Scorch                   Fire           50%        2d7       2%          2
 Inner Flame              Hex/Fire       15%        N/A       12%         3
 Volatile Blastmotes      Fire/Tloc      30%        2d12      12%         3
 Flame Wave               Conj/Fire      20%        2d7       26%         4


Dungeon Overview and Level Annotations

Branches:
Dungeon (4/15)
 Temple: D:4-7

Altars:
Wu Jian


Message History

A gnoll comes into view. It is wielding a +0 spear.
You conjure some foxfire!
The foxfire hits the gnoll.
The gnoll is severely wounded.
You conjure some foxfire!
A giant cockroach comes into view.
The foxfire hits the gnoll.
The gnoll is almost dead.
A gnoll comes into view. It is wielding a +0 flail.
You conjure some foxfire!
The foxfire hits the gnoll.
You kill the gnoll!
Your foxfire dissipates!
You conjure some foxfire!
The foxfire hits the giant cockroach.
The giant cockroach is almost dead.
You conjure some foxfire!
The foxfire hits the gnoll.
The gnoll is moderately wounded.
You conjure some foxfire!
The foxfire hits the giant cockroach.
You kill the giant cockroach!
The gnoll closely misses you.
You conjure some foxfire!
The foxfire hits the gnoll.
The gnoll is moderately wounded.
The gnoll hits you from afar with a +0 spear.
You conjure some foxfire!
You conjure some foxfire!
The foxfire hits the gnoll.
The gnoll is moderately wounded.
You conjure some foxfire!
The foxfire hits the gnoll.
The gnoll is heavily wounded.
You are out of magic!
You are out of magic!
You conjure some foxfire!
Your foxfire dissipates!
The foxfire hits the gnoll.
The gnoll is severely wounded.
You barely miss the gnoll.
The gnoll is severely wounded.
The gnoll hits you with a +0 flail.
You hit the gnoll. Your punch misses the gnoll.
The gnoll is severely wounded.
The gnoll closely misses you. The gnoll hits you with a +0 flail!
The gnoll hits you from afar with a +0 spear.
The gnoll hits you with a +0 flail!
You die...

## #.##### #.##
##..v.# #
#.###.####....
#..###..#g## .
#..........#
#.####.#.#.......
#g#.#######.
#.#.## #@g..##
#.######.....###
#....<...........
#######......####
#.#.......
#.##.#####
#.###.. #.# .##
#.# .#


You could see 2 gnolls.

Vanquished Creatures
  An iguana (D:3)
  4 gnolls
  An adder (D:2)
  2 dart slugs
  3 orcs (D:2)
  7 ball pythons
  5 bats
  2 endoplasms
  2 giant cockroaches (D:4)
  3 goblins
  2 hobgoblins (D:1)
  4 jackals (D:1)
  4 frilled lizards
  5 kobolds
  3 rats
48 creatures vanquished.

Vanquished Creatures (others)
  233 foxfires
233 creatures vanquished.

Grand Total: 281 creatures vanquished

Notes
Turn   | Place    | Note
-------+----------+-------------------------------------------
     0 | D:1      | Maratek the Deep Elf Fire Elementalist began the quest for
                  | the Orb.
     0 | D:1      | Reached XP level 1. HP: 10/10 MP: 6/6
   324 | D:1      | Reached XP level 2. HP: 15/15 MP: 5/8
  1270 | D:2      | Reached XP level 3. HP: 19/19 MP: 6/10
  1372 | D:2      | Found an ornate altar of the Wu Jian Council.
  2207 | D:2      | Found a faded altar of an unknown god.
  2299 | D:3      | Reached XP level 4. HP: 24/24 MP: 1/12
  2551 | D:4      | Slain by a gnoll

Illustrated notes

Levels and vault maps discovered:
D:1:      saegor_arrival_miasma, layout_loops_ring
D:2:      layout_rooms, basic_altar, hellmonk_ecumenical_altar_defaced_shrine
D:3:      layout_basic, fiery_altar_vehumet, grunt_temple_overflow_diamond,
          hangedman_decor_opposing, minmay_tree_intersection
D:4:      layout_loops_ring, mainiacjoe_overflow_concentric_impassable,
          zin_academy, serial_shops, nicolae_shop_advertising_works
          [nicolae_subvault_shop_adworks], nicolae_take_the_stairs,
          nicolae_inconvenience_store, nicolae_shop_behind_doors

Skill      XL: |  1  2  3 |
---------------+----------+-----
Fire Magic     | 4 |  4.4
Spellcasting   | 4 |  4.8
Conjurations   | 2 |  2.3
Dodging        | |  2.6
Stealth        | |  2.9

Action                     |  1- 3 |  4- 6 || total
---------------------------+-------+-------++-------
  Melee: Short sword       |     7 |     2 ||     9
   Cast: Foxfire           |   141 |    29 ||   170
    Use: Scroll            |     5 |       ||     5
 Armour: Robe              |    15 |     7 ||    22
  Dodge: Dodged            |    17 |     5 ||    22

Table legend: (Time is in decaauts)
 A = Elapsed time spent in this place.
 B = Non-inter-level travel time spent in this place.
 C = Inter-level travel time spent in this place.
 D = Time resting spent in this place.
 E = Time spent auto-exploring this place.
 F = Levels seen in this place.
 G = Mean time per level.
                   A        B        C        D        E       F      G
               +--------+--------+--------+--------+--------+-----+--------+
         Total |   2549 |   2506 |     43 |     86 |   2042 |   4 |  637.2 |
       Dungeon |   2549 |   2506 |     43 |     86 |   2042 |   4 |  637.2 |
               +--------+--------+--------+--------+--------+-----+--------+

Top non-repeatable levels by time:
     D:1: 1258 daAuts
     D:2: 997 daAuts
     D:4: 178 daAuts
     D:3: 114 daAuts
